 Dungeon Sprint DCSS version 0.16-a0-4004-g8d6611c (webtiles) character file.

1000000 PolkaDot the Unseen (level 11, -4/98 HPs)
             Began as a Vampire Monk on Feb 15, 2015.
             Was a Believer of Makhleb.
             Slain by a meat berserker
             ... wielding a +9 battleaxe
              (47 damage)
             ... in the Dungeon (Sprint VIII: "Arena of Blood").
             The game lasted 00:00:30 (10 turns).

PolkaDot the Unseen (Vampire Monk)                    Turns: 10, Time: 00:00:30

Health: -4/98      AC:  2    Str: 10    XL:     11   Next: 37%
Magic:  11/11      EV: 25    Int: 12    God:    Makhleb [**....]
Gold:   0          SH:  0    Dex: 19    Spells: 0 memorised, 10 levels left

rFire  . . .     SeeInvis +     i - +∞ Axe of Woe
rCold  . . .     Clarity  .     a - +0 robe
rNeg   + . .     SustAb   .     (no shield)
rPois  .         Gourm    .     (no helmet)
rElec  .         Spirit   .     (no cloak)
rCorr  .         Warding  .     (no gloves)
rMut   .         NoTele   +     (no boots)
MR     +....                    (no amulet)
Stlth  +++++++++.               (no ring)
                                (no ring)

@: somewhat resistant to hostile enchantments, incredibly stealthy
A: bottle blood, fangs 3, see invisible, unbreathing
a: Bat Form, Minor Destruction, Renounce Religion


You were in the Dungeon.
You worshipped Makhleb.
Makhleb was pleased with you.
You were not thirsty.

You visited 1 branch

Inventory:

Hand weapons
 i - the +∞ Axe of Woe (weapon)
   (You found it in the Dungeon)
Armour
 a - a +0 robe (worn)
Scrolls
 h - a scroll of blinking
Potions
 b - a potion of blood {@*1}
 c - a potion of curing
 d - a potion of heal wounds
 e - a potion of haste
 f - 2 potions of magic
 g - a potion of berserk rage


   Skills:
 + Level 13.2 Fighting
 + Level 15.3 Dodging
 + Level 20.2 Stealth
 + Level 15.5 Unarmed Combat


You had 10 spell levels left.
You didn't know any spells.

Dungeon Overview and Level Annotations

Branches:
Dungeon (1/1)

Altars:
Makhleb


Innate Abilities, Weirdness & Mutations

You can bottle blood from corpses.
You have razor-sharp teeth.
You have supernaturally acute eyesight.
You can survive without breathing.


Message History

You can now transform into a vampire bat.
You have reached level 4!
You have reached level 5!
You have reached level 6!
Your experience leads to an increase in your attributes!
Increase (S)trength, (I)ntelligence, or (D)exterity?
You feel agile.
You have reached level 7!
You have reached level 8!
You have reached level 9!
Your experience leads to an increase in your attributes!
Increase (S)trength, (I)ntelligence, or (D)exterity?
You feel agile.
You have reached level 10!
You have reached level 11!
You hear a shout! x6
The bag of meat appears out of thin air!
A bag of meat comes into view. It is wielding a +9 war axe.
The meat berserker hits you with a +9 battleaxe!!!
You die...

.. ..... #. ...# ...
#.. ...o# O...
.###.. .o.###.....
......###.....o.....
......_............
#.....#.......#o
#_.<._#.).....o..
...#.....#.@....#.
......_...O.........
......###.........#.
.###.. ..o.###......
#.......# ......
#.......# .....
......... ...
........ #. ........


You could see 2 meat berserkers and 6 bags of meat.

Vanquished Creatures
  An orc (D)
1 creature vanquished.

Notes
Turn   | Place    | Note
--------------------------------------------------------------
     0 | D        | PolkaDot, the Vampire Monk, began the quest for the Orb.
     0 | D        | Reached XP level 1. HP: 17/17 MP: 1/1
     4 | D        | Noticed a bag of meat
     4 | D        | Noticed a bag of meat
     4 | D        | Became a worshipper of Makhleb the Destroyer
     4 | D        | Acquired Makhleb's first power
     4 | D        | Acquired Makhleb's second power
     7 | D        | Noticed a bag of meat
     7 | D        | Noticed a bag of meat
     7 | D        | Noticed a meat berserker
     9 | D        | Noticed a bag of meat
     9 | D        | Noticed a bag of meat
    10 | D        | Noticed a bag of meat
    10 | D        | Noticed a bag of meat
    10 | D        | Killed a bag of meat
    10 | D        | Reached skill level 13 in Fighting
    10 | D        | Reached skill level 15 in Dodging
    10 | D        | Reached skill level 20 in Stealth
    10 | D        | Reached skill level 15 in Unarmed Combat
    10 | D        | Reached XP level 2. HP: 20/40 MP: 2/2
    10 | D        | Reached XP level 3. HP: 23/46 MP: 3/3
    10 | D        | Reached XP level 4. HP: 26/53 MP: 4/4
    10 | D        | Reached XP level 5. HP: 28/59 MP: 5/5
    10 | D        | Reached XP level 6. HP: 31/66 MP: 6/6
    10 | D        | Reached XP level 7. HP: 33/72 MP: 7/7
    10 | D        | Reached XP level 8. HP: 36/79 MP: 8/8
    10 | D        | Reached XP level 9. HP: 38/85 MP: 9/9
    10 | D        | Reached XP level 10. HP: 41/92 MP: 10/10
    10 | D        | Reached XP level 11. HP: 43/98 MP: 11/11
    10 | D        | Slain by a meat berserker

Action                   |  1- 3 |  4- 6 |  7- 9 | 10-12 || total
-------------------------+-------+-------+-------+-------++-------
Melee: Executioner's axe |     1 |       |       |       ||     1
